 Dungeon Crawl Stone Soup version 0.31-a0-858-g469dc525a8 (webtiles) character file.

Game seed: 6217078496724554975

120 BinkBink the Trooper (level 4, -1/41 HPs)
             Began as a Minotaur Fighter on Oct 9, 2023.
             Slain by an orc wizard
             ... wielding a +1 dagger of distortion
              (3 damage)
             ... on level 3 of the Dungeon.
             The game lasted 00:02:14 (1678 turns).

BinkBink the Trooper (Minotaur Fighter)             Turns: 1678, Time: 00:02:14

Health: -1/41      AC:  7    Str: 22    XL:     4   Next: 75%
Magic:  3/3        EV:  9    Int:  5    God:
Gold:   110        SH:  0    Dex: 10    Spells: 3/3 levels left

rFire   . . .        a - +0 long sword
rCold   . . .        c - +0 buckler
rNeg    . . .        b - +0 scale mail
rPois   .            (helmet restricted)
rElec   .            (no cloak)
rCorr   .            (no gloves)
SInv    .            (no boots)
Will    .....        (no amulet) Stlth
                     (no ring)
HPRegen 0.26/turn    (no ring)
MPRegen 0.08/turn

%: no passive effects
@: confused
A: horns 2, retaliatory headbutt
a: no special abilities


You were on level 3 of the Dungeon.
You visited 1 branch of the dungeon, and saw 3 of its levels.

You collected 110 gold pieces.

Inventory:

Hand Weapons
 a - a +0 long sword (weapon)
Armour
 b - a +0 scale mail (worn)
 c - a +0 buckler (worn)
Jewellery
 m - a +6 ring of strength
 o - a ring of protection from fire
Scrolls
 e - 2 scrolls of butterflies {unknown}
 g - a scroll of identify {unknown}
 j - a scroll of amnesia {unknown}
 l - a scroll of noise {unknown}
 p - a scroll of immolation {unknown}
 q - a scroll of fog {unknown}
Potions
 d - a potion of might
 f - a potion of cancellation {unknown}
 h - a potion of curing {unknown}
 i - a potion of lignification {unknown}
 k - a potion of resistance {unknown}
 n - 2 potions of heal wounds {unknown}


   Skills:
 + Level 4.6 Fighting
 + Level 3.6 Long Blades
 + Level 4.5 Armour
 + Level 4.5 Shields


You had 3 spell levels left.
You didn't know any spells.
Your spell library was empty.

Dungeon Overview and Level Annotations

Branches:
Dungeon (3/15)

Altars:

Annotations:
D:3 Jessica


Innate Abilities, Weirdness & Mutations

You have a pair of horns on your head.
You reflexively headbutt those who attack you in melee.


Message History

The orc wizard hits you but does no damage.
You barely miss the orc wizard.
The orc wizard is heavily wounded.
Jessica shouts!
The orc wizard casts a spell at you. The magic dart hits you.
You barely miss the orc wizard. You headbutt the orc wizard.
The orc wizard is severely wounded.
The orc wizard hits you but does no damage.
You slash the orc wizard!
You kill the orc wizard!
You hear some strange, mumbled words.
Something tries to affect you, but you resist.
A goblin comes into view. It is wielding a +0 dagger.
You hear some strange, mumbled words.
You are confused.
Jessica casts a spell.
Jessica seems to speed up.
You are too confused!
The goblin shouts!
You are more confused.
Jessica mumbles some strange words.
Jessica blinks!
Something hits you. Space warps horribly around you!
Things that are here:
a +0 dagger; a +0 robe You bump into the rock wall.
Something hits you. Space warps horribly around you!
* * * LOW HITPOINT WARNING * * *
You bump into the rock wall.
Something hits you but does no damage. Space warps around you.
* * * LOW HITPOINT WARNING * * *
You bump into the rock wall.
Something hits you.
* * * LOW HITPOINT WARNING * * *
You blink.
You bump into the rock wall.
You're too confused to move!
You bump into the rock wall.
There is a stone staircase leading up here.
Something hits you but does no damage. Space warps around you.
You die...

#.# #.# #@#
#$# # #g#
#.#.#
#.#o####.#
#####..{....<#
.......@######
#########


You could see Jessica (fast), an orc and a goblin.

Vanquished Creatures
  2 orc wizards
  An adder (D:2)
  A worm (D:2)
  3 dart slugs
  4 orcs
  3 bats
  2 endoplasms (D:2)
  2 giant cockroaches (D:2)
  5 goblins
  2 hobgoblins
  4 jackals (D:2)
  5 kobolds
  3 quokkas
  4 ball pythons
  3 frilled lizards (D:1)
  4 rats
48 creatures vanquished.

Notes
Turn   | Place    | Note
-------+----------+-------------------------------------------
     0 | D:1      | BinkBink the Minotaur Fighter began the quest for the Orb.
     0 | D:1      | Reached XP level 1. HP: 19/19 MP: 0/0
   379 | D:1      | Reached XP level 2. HP: 24/27 MP: 1/1
   617 | D:1      | Found a faded altar of an unknown god.
   786 | D:2      | Reached XP level 3. HP: 32/33 MP: 2/2
  1040 | D:2      | Reached XP level 4. HP: 40/41 MP: 3/3
  1664 | D:3      | Noticed Jessica
  1672 | D:3      | HP: 2/41 [something (5)]
  1678 | D:3      | Slain by an orc wizard

Illustrated notes

Levels and vault maps discovered:
D:1:      psy_arrival_fountain, layout_loops_ring,
          hellmonk_ecumenical_altar_inner_sanctum
D:2:      layout_basic
D:3:      layout_loops_ring, nicolae_uskayaw_suspiria, minitemple,
          gup_sewer_entry_spiral, minmay_liquid_box, uniq_terence, uniq_jessica,
          uniq_natasha

Skill      XL: |  1  2 |
---------------+-------+-----
Fighting       | 4 |  4.6
Armour         | 4 |  4.5
Shields        | 4 |  4.5
Long Blades    | 3 |  3.6

Action                     |  1- 3 |  4- 6 || total
---------------------------+-------+-------++-------
  Melee: Long sword        |    79 |    39 ||   118
         Headbutt          |    16 |     6 ||    22
 Armour: Scale mail        |    80 |    30 ||   110
  Dodge: Dodged            |    21 |    25 ||    46
  Block: Buckler           |    14 |    10 ||    24

Table legend: (Time is in decaauts)
 A = Elapsed time spent in this place.
 B = Non-inter-level travel time spent in this place.
 C = Inter-level travel time spent in this place.
 D = Time resting spent in this place.
 E = Time spent auto-exploring this place.
 F = Levels seen in this place.
 G = Mean time per level.
                   A        B        C        D        E       F      G
               +--------+--------+--------+--------+--------+-----+--------+
         Total |   1714 |   1665 |     49 |     75 |   1235 |   3 |  571.3 |
       Dungeon |   1714 |   1665 |     49 |     75 |   1235 |   3 |  571.3 |
               +--------+--------+--------+--------+--------+-----+--------+

Top non-repeatable levels by time:
     D:1: 893 daAuts
     D:2: 802 daAuts
     D:3: 18 daAuts
